| TOP OF THE 1ST |
|
Gwinnett Braves batting - Pitching for Colorado Springs Sky Sox : LHP Marc Eismann
|
|
Pitching: LHP Marc Eismann
|
|
|
Batting: LHB Evan Torraville
|
0-0: Called Strike 0-1: Ball 1-1: Called Strike 1-2: Foul Ball, location: 2F 1-2: Ball 2-2: Ball 3-2: Strikes out looking
|
|
Batting: RHB Nate Taylor
|
0-0: Called Strike 0-1: Ball 1-1: Foul Ball, location: 2F 1-2: Ground out 5-3 (Groundball, 5, EV 90.6 MPH)
|
|
Batting: LHB Chris Locklear
|
0-0: Called Strike 0-1: SINGLE (Groundball, P, EV 84.4 MPH) (infield hit)
|
|
Batting: RHB Alex Munoz
|
0-0: Ground out U3 (Groundball, 3S, EV 83.8 MPH)
|
| Top of the 1st over - 0 runs, 1 hit, 0 errors, 1 left on base; Gwinnett 0 - Colorado Springs 0 |
| BOTTOM OF THE 1ST |
|
Colorado Springs Sky Sox batting - Pitching for Gwinnett Braves : LHP Eduardo Baez
|
|
Pitching: LHP Eduardo Baez
|
|
|
Batting: LHB Greg Valenzuela
|
0-0: Ball 1-0: Called Strike 1-1: Ground out 4-3 (Groundball, 4, EV 86.2 MPH)
|
|
Batting: LHB Steve Gilliam
|
0-0: Foul Ball, location: 2F 0-1: Ball 1-1: Foul Ball, location: 2F 1-2: Ball 2-2: Foul Ball, location: 2F 2-2: Ball 3-2: Foul Ball, location: 2F 3-2: Foul Ball, location: 2F 3-2: Base on Balls
|
|
Batting: RHB Eduardo Camacho
|
0-0: Ball 1-0: Foul Ball, location: 2F 1-1: Grounds into double play, 6-4-3 (Groundball, 6, EV 95.6 MPH)
|
| Bottom of the 1st over - 0 runs, 0 hits, 0 errors, 0 left on base; Gwinnett 0 - Colorado Springs 0 |
| TOP OF THE 2ND |
|
Gwinnett Braves batting - Pitching for Colorado Springs Sky Sox : LHP Marc Eismann
|
|
Batting: RHB Jesse Lester
|
0-0: Called Strike 0-1: Ball 1-1: Ball 2-1: Foul Ball, location: 2F 2-2: Ball 3-2: Strikes out looking
|
|
Batting: RHB Edgar Castillo
|
0-0: Ground out 6-3 (Groundball, 56, EV 100.0 MPH)
|
|
Batting: RHB Ivan Ramirez
|
0-0: Ball 1-0: Called Strike 1-1: Ground out 5-3 (Groundball, 5, EV 81.2 MPH)
|
| Top of the 2nd over - 0 runs, 0 hits, 0 errors, 0 left on base; Gwinnett 0 - Colorado Springs 0 |
| BOTTOM OF THE 2ND |
|
Colorado Springs Sky Sox batting - Pitching for Gwinnett Braves : LHP Eduardo Baez
|
|
Batting: RHB Maurice Moore
|
0-0: Ground out 4-3 (Groundball, 4, EV 85.6 MPH)
|
|
Batting: RHB John Boyer
|
0-0: SINGLE (Line Drive, 9S, EV 103.8 MPH)
|
|
Batting: LHB Michael Krott
|
0-0: Ball 1-0: Ball 2-0: Foul Ball, location: 2F 2-1: Called Strike 2-2: Ball 3-2: SINGLE (Groundball, 34D, EV 97.5 MPH) John Boyer to second Runner from 2nd tries for 3rd, SAFE, throw by RF made to third Michael Krott to second
|
|
Batting: SHB Jamie Mims
|
0-0: Called Strike 0-1: Ground out 5-3 (Groundball, 56, EV 86.9 MPH) John Boyer scores
|
|
Batting: RHB John Stevenson
|
0-0: Ball 1-0: Ball 2-0: Foul Ball, location: 2F 2-1: Swinging Strike 2-2: Strikes out swinging
|
| Bottom of the 2nd over - 1 run, 2 hits, 0 errors, 1 left on base; Gwinnett 0 - Colorado Springs 1 |
| TOP OF THE 3RD |
|
Gwinnett Braves batting - Pitching for Colorado Springs Sky Sox : LHP Marc Eismann
|
|
Batting: SHB Bob Morales
|
0-0: Ball 1-0: Ball 2-0: Ground out 2-3 (Groundball, 15S, EV 65.0 MPH)
|
|
Batting: SHB Eric Reeser
|
0-0: Ball 1-0: Swinging Strike 1-1: Ball 2-1: Ground out 5-3 (Groundball, 56S, EV 78.8 MPH)
|
|
Batting: LHB Evan Torraville
|
0-0: Ball 1-0: Ball 2-0: Foul Ball, location: 2F 2-1: Foul Ball, location: 2F 2-2: Strikes out swinging
|
| Top of the 3rd over - 0 runs, 0 hits, 0 errors, 0 left on base; Gwinnett 0 - Colorado Springs 1 |
| BOTTOM OF THE 3RD |
|
Colorado Springs Sky Sox batting - Pitching for Gwinnett Braves : LHP Eduardo Baez
|
|
Batting: RHB Juan Figueroa
|
0-0: Called Strike 0-1: Called Strike 0-2: Strikes out looking
|
|
Batting: LHB Greg Valenzuela
|
0-0: Swinging Strike 0-1: Ball 1-1: Ball 2-1: Ground out 4-3 (Groundball, 4S, EV 66.9 MPH)
|
|
Batting: LHB Steve Gilliam
|
0-0: Ball 1-0: Fly out, F7 (Line Drive, 7D, EV 111.2 MPH)
|
| Bottom of the 3rd over - 0 runs, 0 hits, 0 errors, 0 left on base; Gwinnett 0 - Colorado Springs 1 |
| TOP OF THE 4TH |
|
Gwinnett Braves batting - Pitching for Colorado Springs Sky Sox : LHP Marc Eismann
|
|
Batting: RHB Nate Taylor
|
0-0: Called Strike 0-1: Ball 1-1: Called Strike 1-2: Foul Ball, location: 2F 1-2: Strikes out swinging
|
|
Batting: LHB Chris Locklear
|
0-0: Called Strike 0-1: Ball 1-1: Swinging Strike 1-2: Strikes out swinging
|
|
Batting: RHB Alex Munoz
|
0-0: Called Strike 0-1: Swinging Strike 0-2: DOUBLE (Line Drive, 78XD, EV 110.6 MPH)
|
|
Batting: RHB Jesse Lester
|
0-0: Swinging Strike 0-1: Ball 1-1: Called Strike 1-2: Foul Ball, location: 2F 1-2: Ground out 4-3 (Groundball, 4, EV 81.2 MPH)
|
| Top of the 4th over - 0 runs, 1 hit, 0 errors, 1 left on base; Gwinnett 0 - Colorado Springs 1 |
| BOTTOM OF THE 4TH |
|
Colorado Springs Sky Sox batting - Pitching for Gwinnett Braves : LHP Eduardo Baez
|
|
Batting: RHB Eduardo Camacho
|
0-0: Called Strike 0-1: Ball 1-1: Ball 2-1: Ground out 1-3 (Groundball, 15S, EV 72.5 MPH)
|
|
Batting: RHB Maurice Moore
|
0-0: Foul Ball, location: 2F 0-1: Ball 1-1: Called Strike 1-2: Fly out, F9 (Flyball, 9, EV 83.8 MPH)
|
|
Batting: RHB John Boyer
|
0-0: Ball 1-0: Called Strike 1-1: Foul Ball, location: 2F 1-2: Ball 2-2: SINGLE (Line Drive, 9S, EV 98.1 MPH)
|
|
Batting: LHB Michael Krott
|
0-0: Called Strike 0-1: Ball 1-1: Fly out, F7 (Flyball, 7S, EV 88.8 MPH)
|
| Bottom of the 4th over - 0 runs, 1 hit, 0 errors, 1 left on base; Gwinnett 0 - Colorado Springs 1 |
| TOP OF THE 5TH |
|
Gwinnett Braves batting - Pitching for Colorado Springs Sky Sox : LHP Marc Eismann
|
|
Batting: RHB Edgar Castillo
|
0-0: Ball 1-0: Ball 2-0: Called Strike 2-1: Swinging Strike 2-2: Strikes out swinging
|
|
Batting: RHB Ivan Ramirez
|
0-0: Called Strike 0-1: Swinging Strike 0-2: Ball 1-2: Strikes out looking
|
|
Batting: SHB Bob Morales
|
0-0: Called Strike 0-1: Ball 1-1: Foul Ball, location: 2F 1-2: Foul Ball, location: 2F 1-2: Ball 2-2: Strikes out swinging
|
| Top of the 5th over - 0 runs, 0 hits, 0 errors, 0 left on base; Gwinnett 0 - Colorado Springs 1 |
| BOTTOM OF THE 5TH |
|
Colorado Springs Sky Sox batting - Pitching for Gwinnett Braves : LHP Eduardo Baez
|
|
Batting: SHB Jamie Mims
|
0-0: Foul Ball, location: 2F 0-1: Ball 1-1: SINGLE (Groundball, 6MD, EV 103.8 MPH) (infield hit)
|
|
Batting: RHB John Stevenson
|
0-0: Ball 1-0: Foul Ball, location: 2F 1-1: SINGLE (Flyball, 78S, EV 86.9 MPH) Jamie Mims to second
|
|
Batting: RHB Juan Figueroa
|
0-0: SINGLE (Groundball, 56D, EV 95.0 MPH) Jamie Mims to third John Stevenson to second Runner from 3rd tries for Home, SAFE, throw by LF to home
|
|
Batting: LHB Greg Valenzuela
|
0-0: Called Strike 0-1: Foul Ball, location: 2F 0-2: Ball 1-2: Foul Ball, location: 2F 1-2: Ball 2-2: Foul Ball, location: 2F 2-2: Ball 3-2: Strikes out swinging
|
|
Batting: LHB Steve Gilliam
|
0-0: DOUBLE (Groundball, 5L, EV 104.4 MPH) John Stevenson scores Juan Figueroa to third
|
|
Batting: RHB Eduardo Camacho
|
0-0: Called Strike 0-1: Called Strike 0-2: Strikes out swinging
|
|
Batting: RHB Maurice Moore
|
0-0: Called Strike 0-1: Ball 1-1: Ball 2-1: Fly out, F8 (Flyball, 8RD, EV 97.5 MPH)
|
| Bottom of the 5th over - 2 runs, 4 hits, 0 errors, 2 left on base; Gwinnett 0 - Colorado Springs 3 |
| TOP OF THE 6TH |
|
Gwinnett Braves batting - Pitching for Colorado Springs Sky Sox : LHP Marc Eismann
|
|
Batting: SHB Eric Reeser
|
0-0: Ball 1-0: Swinging Strike 1-1: Foul Ball, location: 2F 1-2: Foul Ball, location: 2F 1-2: Foul Ball, location: 2F 1-2: Strikes out swinging
|
|
Batting: LHB Evan Torraville
|
0-0: Foul Ball, location: 2F 0-1: Swinging Strike 0-2: Ball 1-2: Ball 2-2: Strikes out swinging
|
|
Batting: RHB Nate Taylor
|
0-0: Swinging Strike 0-1: Foul Ball, location: 2F 0-2: Strikes out swinging
|
| Top of the 6th over - 0 runs, 0 hits, 0 errors, 0 left on base; Gwinnett 0 - Colorado Springs 3 |
| BOTTOM OF THE 6TH |
|
Colorado Springs Sky Sox batting - Pitching for Gwinnett Braves : LHP Eduardo Baez
|
|
Batting: RHB John Boyer
|
0-0: Called Strike 0-1: Foul Ball, location: 2F 0-2: Ball 1-2: Ball 2-2: Ball 3-2: Strikes out swinging
|
|
Batting: LHB Michael Krott
|
0-0: Ball 1-0: Swinging Strike 1-1: Foul Ball, location: 2F 1-2: Strikes out swinging
|
|
Batting: SHB Jamie Mims
|
0-0: Ball 1-0: Swinging Strike 1-1: Ball 2-1: Foul Ball, location: 2F 2-2: Ground out 5-3 (Groundball, 56S, EV 65.0 MPH)
|
| Bottom of the 6th over - 0 runs, 0 hits, 0 errors, 0 left on base; Gwinnett 0 - Colorado Springs 3 |
| TOP OF THE 7TH |
|
Gwinnett Braves batting - Pitching for Colorado Springs Sky Sox : LHP Marc Eismann
|
|
Batting: LHB Chris Locklear
|
0-0: Swinging Strike 0-1: Ball 1-1: Swinging Strike 1-2: Strikes out swinging
|
|
Batting: RHB Alex Munoz
|
0-0: Called Strike 0-1: Foul Ball, location: 2F 0-2: Ball 1-2: Ball 2-2: Ball 3-2: Foul Ball, location: 2F 3-2: Foul Ball, location: 2F 3-2: SINGLE (Groundball, 5D, EV 99.4 MPH)
|
|
Batting: RHB Jesse Lester
|
0-0: Called Strike 0-1: Fly out, F8 (Flyball, 8LXD, EV 96.9 MPH)
|
|
Batting: RHB Edgar Castillo
|
0-0: Foul Ball, location: 2F 0-1: Ball 1-1: Ball 2-1: Ground out U3 (Groundball, 3, EV 103.8 MPH)
|
| Top of the 7th over - 0 runs, 1 hit, 0 errors, 1 left on base; Gwinnett 0 - Colorado Springs 3 |
| BOTTOM OF THE 7TH |
|
Colorado Springs Sky Sox batting - Pitching for Gwinnett Braves : LHP Eduardo Baez
|
|
Batting: RHB John Stevenson
|
0-0: Ball 1-0: Ball 2-0: Foul Ball, location: 2F 2-1: Foul Ball, location: 2F 2-2: Strikes out swinging
|
|
Batting: RHB Juan Figueroa
|
0-0: Ball 1-0: Fly out, F9 (Flyball, 9S, EV 93.8 MPH)
|
|
Batting: LHB Greg Valenzuela
|
0-0: Called Strike 0-1: Ground out 4-3 (Groundball, 4, EV 81.2 MPH)
|
| Bottom of the 7th over - 0 runs, 0 hits, 0 errors, 0 left on base; Gwinnett 0 - Colorado Springs 3 |
| TOP OF THE 8TH |
|
Gwinnett Braves batting - Pitching for Colorado Springs Sky Sox : LHP Marc Eismann
|
|
Pitching: RHP Vas Karamyshev
|
|
|
Batting: RHB Ivan Ramirez
|
0-0: Called Strike 0-1: Ball 1-1: Ball 2-1: Swinging Strike 2-2: Foul Ball, location: 2F 2-2: Ground out 4-3 (Groundball, 4D, EV 98.8 MPH)
|
|
Batting: SHB Bob Morales
|
0-0: Ground out 6-3 (Groundball, 6, EV 86.9 MPH)
|
|
Batting: SHB Eric Reeser
|
0-0: Ball 1-0: Ball 2-0: Foul Ball, location: 2F 2-1: Ball 3-1: Base on Balls
|
|
Batting: LHB Evan Torraville
|
0-0: Foul Ball, location: 2F 0-1: Swinging Strike 0-2: SINGLE (Groundball, 4S, EV 65.6 MPH) (infield hit) Eric Reeser to second
|
|
Batting: RHB Nate Taylor
|
0-0: Foul Ball, location: 2F 0-1: SINGLE (Groundball, 4S, EV 70.6 MPH) (infield hit) Eric Reeser to third Evan Torraville to second
|
|
Pitching: LHP Jared Lummus
|
|
|
Batting: LHB Chris Locklear
|
0-0: Called Strike 0-1: Ball 1-1: Foul Ball, location: 2F 1-2: Ball 2-2: Fly out, F9 (Flyball, 9, EV 83.1 MPH)
|
| Top of the 8th over - 0 runs, 2 hits, 0 errors, 3 left on base; Gwinnett 0 - Colorado Springs 3 |
| BOTTOM OF THE 8TH |
|
Colorado Springs Sky Sox batting - Pitching for Gwinnett Braves : LHP Eduardo Baez
|
|
Pitching: LHP Justin Sullins
|
|
|
Batting: LHB Steve Gilliam
|
0-0: Ball 1-0: Called Strike 1-1: Ball 2-1: Called Strike 2-2: Ground out 4-3 (Groundball, 34D, EV 104.4 MPH)
|
|
Batting: RHB Eduardo Camacho
|
0-0: Fly out, F9 (Line Drive, 89M, EV 103.1 MPH)
|
|
Batting: RHB Maurice Moore
|
0-0: Ball 1-0: SINGLE (Groundball, 4MD, EV 96.9 MPH)
|
|
Batting: RHB John Boyer
|
0-0: Ball Pickoff Throw to First - Error! E1 Maurice Moore to second 1-0: Intentional Walk
|
|
Batting: LHB Michael Krott
|
0-0: Called Strike 0-1: Ball 1-1: Ball 2-1: Fly out, F8 (Line Drive, 78M, EV 95.6 MPH)
|
| Bottom of the 8th over - 0 runs, 1 hit, 1 error, 2 left on base; Gwinnett 0 - Colorado Springs 3 |
| TOP OF THE 9TH |
|
Gwinnett Braves batting - Pitching for Colorado Springs Sky Sox : LHP Jared Lummus
|
|
Pitching: RHP Jim Butler
|
|
|
Batting: RHB Alex Munoz
|
0-0: Ball 1-0: Foul Ball, location: 2F 1-1: Called Strike 1-2: Foul Ball, location: 2F 1-2: Foul Ball, location: 2F 1-2: Ball 2-2: Foul Ball, location: 2F 2-2: Ball 3-2: SINGLE (Groundball, 56, EV 85.6 MPH) (infield hit)
|
|
Pinch Hitting: LHB David Bramble
|
0-0: SINGLE (Groundball, 4MD, EV 99.4 MPH) Alex Munoz to second
|
|
Batting: RHB Edgar Castillo
|
0-0: Ball Wild Pitch! Alex Munoz to third David Bramble to second 1-0: Foul Ball, location: 2F 1-1: Ball 2-1: Called Strike 2-2: Fly out, F4 (Popup, 4, EV 72.5 MPH)
|
|
Pinch Hitting: SHB Brian Bagley
|
0-0: Foul Ball, location: 2F 0-1: Reached on error, E4 (Groundball, 4, EV 103.8 MPH) Alex Munoz scores David Bramble scores
|
|
Batting: SHB Bob Morales
|
0-0: Called Strike 0-1: Ball 1-1: Ball 2-1: 2-RUN HOME RUN (Flyball, 89XD, EV 104.4 MPH), Distance : 406 ft
|
|
Pitching: RHP Sipi Kilpinen
|
|
|
Batting: SHB Eric Reeser
|
0-0: Ball 1-0: Ground out 4-3 (Groundball, 34D, EV 95.6 MPH)
|
|
Batting: LHB Evan Torraville
|
0-0: Foul Ball, location: 2F 0-1: Swinging Strike 0-2: Ball 1-2: Strikes out looking
|
| Top of the 9th over - 4 runs, 3 hits, 1 error, 0 left on base; Gwinnett 4 - Colorado Springs 3 |
| BOTTOM OF THE 9TH |
|
Colorado Springs Sky Sox batting - Pitching for Gwinnett Braves : LHP Justin Sullins
|
|
Pitching: RHP Adam Reynolds
|
|
|
Now at 1B: Brian Bagley
|
|
|
Now at 3B: Mike Manchester
|
|
|
Batting: SHB Jamie Mims
|
0-0: Ball 1-0: Foul Ball, location: 2F 1-1: Called Strike 1-2: Foul Ball, location: 2F 1-2: Ball 2-2: Ball 3-2: Foul Ball, location: 2F 3-2: Base on Balls
|
|
Pinch Hitting: SHB Bobby Santor
|
0-0: Bunted foul 0-1: Bunted foul 0-2: Ball 1-2: Ball 2-2: SINGLE (Groundball, 4MD, EV 99.4 MPH) Jamie Mims to second Runner from 2nd tries for 3rd, SAFE, no throw by CF
|
|
Batting: LHB Luke Coulter
|
0-0: Ball 1-0: Ground out 4-3 (Groundball, 4, EV 106.9 MPH) Bobby Santor to second
|
|
Batting: LHB Greg Valenzuela
|
0-0: Ball 1-0: Ground out 5-3 (Groundball, 56, EV 88.1 MPH) Jamie Mims scores
|
|
Batting: LHB Steve Gilliam
|
0-0: Intentional Walk
|
|
Batting: RHB Eduardo Camacho
|
0-0: Ball Wild Pitch! Bobby Santor to third Steve Gilliam to second 1-0: Swinging Strike 1-1: Foul Ball, location: 2F 1-2: Foul Ball, location: 2F 1-2: Foul Ball, location: 2F 1-2: Foul Ball, location: 2F 1-2: Ground out 4-3 (Groundball, 4, EV 78.1 MPH)
|
| Bottom of the 9th over - 1 run, 1 hit, 0 errors, 2 left on base; Gwinnett 4 - Colorado Springs 4 |
| TOP OF THE 10TH |
|
Gwinnett Braves batting - Pitching for Colorado Springs Sky Sox : RHP Sipi Kilpinen
|
|
Now at 1B: Bobby Santor
|
|
|
Now in CF: Steve Gilliam
|
|
|
Batting: RHB Nate Taylor
|
0-0: SINGLE (Flyball, 7LS, EV 98.8 MPH)
|
|
Batting: LHB Chris Locklear
|
0-0: Called Strike 0-1: Ball 1-1: Ball 2-1: Ball 3-1: Called Strike 3-2: Fly out, F8 (Flyball, 78M, EV 90.0 MPH)
|
|
Batting: RHB Alex Munoz
|
0-0: Called Strike 0-1: Swinging Strike 0-2: Ball 1-2: Strikes out swinging
|
|
Batting: RHB Mike Manchester
|
0-0: Ball 1-0: SINGLE (Groundball, 56S, EV 72.5 MPH) (infield hit) Nate Taylor to second
|
|
Batting: RHB Edgar Castillo
|
0-0: Ball 1-0: Ball 2-0: Ball 3-0: Base on Balls Nate Taylor to third Mike Manchester to second
|
|
Batting: SHB Brian Bagley
|
0-0: Ball 1-0: Ground out U3 (Groundball, 34, EV 97.5 MPH)
|
| Top of the 10th over - 0 runs, 2 hits, 0 errors, 3 left on base; Gwinnett 4 - Colorado Springs 4 |
| BOTTOM OF THE 10TH |
|
Colorado Springs Sky Sox batting - Pitching for Gwinnett Braves : RHP Adam Reynolds
|
|
Pitching: RHP Chong-hun Park
|
|
|
Batting: RHB Maurice Moore
|
0-0: Ball 1-0: DOUBLE (Line Drive, 89D, EV 112.5 MPH)
|
|
Batting: RHB John Boyer
|
0-0: Ground out 5-3 (Groundball, 56, EV 78.1 MPH)
|
|
Batting: LHB Michael Krott
|
0-0: Intentional Walk
|
|
Batting: SHB Jamie Mims
|
0-0: Called Strike 0-1: Bunted foul 0-2: Fly out, F7 (Flyball, 7, EV 88.1 MPH)
|
|
Batting: SHB Bobby Santor
|
0-0: Fly out, F7 (Flyball, 78D, EV 96.2 MPH)
|
| Bottom of the 10th over - 0 runs, 1 hit, 0 errors, 2 left on base; Gwinnett 4 - Colorado Springs 4 |
| TOP OF THE 11TH |
|
Gwinnett Braves batting - Pitching for Colorado Springs Sky Sox : RHP Sipi Kilpinen
|
|
Batting: SHB Bob Morales
|
0-0: Called Strike 0-1: Swinging Strike 0-2: Strikes out swinging
|
|
Batting: SHB Eric Reeser
|
0-0: Called Strike 0-1: Ball 1-1: Ball 2-1: Foul Ball, location: 2F 2-2: Foul Ball, location: 2F 2-2: Ball 3-2: Strikes out looking
|
|
Batting: LHB Evan Torraville
|
0-0: Ball 1-0: Ball 2-0: Ball 3-0: Called Strike 3-1: Base on Balls
|
|
Batting: RHB Nate Taylor
|
0-0: Ball 1-0: Ball Evan Torraville steals 2nd base 2-0: Called Strike 2-1: Ball 3-1: Foul Ball, location: 2F 3-2: Foul Ball, location: 2F 3-2: Ground out 5-3 (Groundball, 5S, EV 78.1 MPH)
|
| Top of the 11th over - 0 runs, 0 hits, 0 errors, 1 left on base; Gwinnett 4 - Colorado Springs 4 |
| BOTTOM OF THE 11TH |
|
Colorado Springs Sky Sox batting - Pitching for Gwinnett Braves : RHP Chong-hun Park
|
|
Batting: LHB Luke Coulter
|
0-0: Ground out 1-3 (Groundball, 13S, EV 66.9 MPH)
|
|
Batting: LHB Greg Valenzuela
|
0-0: Ball 1-0: Fly out, F9 (Flyball, 9D, EV 107.5 MPH)
|
|
Batting: LHB Steve Gilliam
|
0-0: Called Strike 0-1: Ball 1-1: Called Strike 1-2: Ball 2-2: Foul Ball, location: 2F 2-2: Strikes out swinging
|
| Bottom of the 11th over - 0 runs, 0 hits, 0 errors, 0 left on base; Gwinnett 4 - Colorado Springs 4 |
| TOP OF THE 12TH |
|
Gwinnett Braves batting - Pitching for Colorado Springs Sky Sox : RHP Sipi Kilpinen
|
|
Pitching: RHP Davon Ware
|
|
|
Batting: LHB Chris Locklear
|
0-0: Ball 1-0: Fly out, F8 (Flyball, 78D, EV 101.9 MPH)
|
|
Batting: RHB Alex Munoz
|
0-0: Ball 1-0: Ground out 5-3 (Groundball, 56, EV 103.1 MPH)
|
|
Batting: RHB Mike Manchester
|
0-0: Ball 1-0: Ball 2-0: Called Strike 2-1: Ball 3-1: Foul Ball, location: 2F 3-2: Base on Balls
|
|
Batting: RHB Edgar Castillo
|
0-0: Ball 1-0: Ball Mike Manchester is caught stealing 2nd base 2-4
|
| Top of the 12th over - 0 runs, 0 hits, 0 errors, 0 left on base; Gwinnett 4 - Colorado Springs 4 |
| BOTTOM OF THE 12TH |
|
Colorado Springs Sky Sox batting - Pitching for Gwinnett Braves : RHP Chong-hun Park
|
|
Batting: RHB Eduardo Camacho
|
0-0: Called Strike 0-1: DOUBLE (Flyball, 78XD, EV 100.6 MPH)
|
|
Batting: RHB Maurice Moore
|
0-0: Ball 1-0: Foul Ball, location: 2F 1-1: Ball 2-1: Fly out, F8 (Flyball, 8RM, EV 85.6 MPH)
|
|
Batting: RHB John Boyer
|
0-0: Called Strike 0-1: Swinging Strike 0-2: Ball 1-2: Ball 2-2: Strikes out swinging
|
|
Batting: LHB Michael Krott
|
0-0: Intentional Walk
|
|
Batting: SHB Jamie Mims
|
0-0: Ball 1-0: Called Strike 1-1: SINGLE (Groundball, 34D, EV 99.4 MPH) (infield hit) Eduardo Camacho to third Michael Krott to second
|
|
Batting: SHB Bobby Santor
|
0-0: Ball 1-0: Swinging Strike 1-1: Fielders Choice at 2nd, 6-4 (Groundball, 6, EV 100.0 MPH)
|
| Bottom of the 12th over - 0 runs, 2 hits, 0 errors, 3 left on base; Gwinnett 4 - Colorado Springs 4 |
| TOP OF THE 13TH |
|
Gwinnett Braves batting - Pitching for Colorado Springs Sky Sox : RHP Davon Ware
|
|
Batting: RHB Edgar Castillo
|
0-0: Fly out, F9 (Line Drive, 9, EV 107.5 MPH)
|
|
Batting: SHB Brian Bagley
|
0-0: Ball 1-0: Called Strike 1-1: Ball 2-1: Foul Ball, location: 2F 2-2: Ball 3-2: Strikes out looking
|
|
Batting: SHB Bob Morales
|
0-0: Ground out 5-3 (Groundball, 56, EV 108.8 MPH)
|
| Top of the 13th over - 0 runs, 0 hits, 0 errors, 0 left on base; Gwinnett 4 - Colorado Springs 4 |
| BOTTOM OF THE 13TH |
|
Colorado Springs Sky Sox batting - Pitching for Gwinnett Braves : RHP Chong-hun Park
|
|
Batting: LHB Luke Coulter
|
0-0: Called Strike 0-1: Called Strike 0-2: Ball 1-2: Ball 2-2: Ball 3-2: Base on Balls
|
|
Batting: LHB Greg Valenzuela
|
0-0: Bunt - Flyout to 2L! F2
|
|
Batting: LHB Steve Gilliam
|
0-0: Ball 1-0: Ball 2-0: Foul Ball, location: 2F 2-1: Ball 3-1: Base on Balls Luke Coulter to second
|
|
Batting: RHB Eduardo Camacho
|
0-0: Ball 1-0: Ball 2-0: Swinging Strike 2-1: Foul Ball, location: 2F 2-2: Strikes out swinging
|
|
Pitching: RHP Larry Stegall
|
|
|
Batting: RHB Maurice Moore
|
0-0: Ball 1-0: Ball 2-0: Called Strike 2-1: Ball 3-1: 3-RUN HOME RUN (Flyball, 9D, EV 101.2 MPH), Distance : 393 ft
|
| Bottom of the 13th over - 3 runs, 1 hit, 0 errors, 0 left on base; Gwinnett 4 - Colorado Springs 7 |
|